 Dungeon Crawl Stone Soup version 0.28-a0-726-g4a9143789a (webtiles) character file.

Game seed: 3921118133506309224

2117 kae the Covert (level 9, -11/39 HPs)
             Began as a Spriggan Enchanter on Oct 27, 2021.
             Was a Follower of Dithmenos.
             Killed from afar by Irenicus's ghost (33 damage)
             ... with a stone arrow
             ... on level 6 of the Dungeon.
             The game lasted 00:06:19 (10002 turns).

kae the Covert (Spriggan Enchanter)                Turns: 10002, Time: 00:06:20

Health: -11/39     AC:  7    Str: 11    XL:     9   Next: 8%
Magic:  18/20      EV: 21    Int: 17    God:    Dithmenos [*.....]
Gold:   1330       SH:  0    Dex: 15    Spells: 13/21 levels left

rFire   . . .      SeeInvis +   k - +1 dagger (venom)
rCold   + . .      Faith    .   (shield restricted)
rNeg    . . .      Spirit   .   b - +0 robe
rPois   .          Reflect  .   (helmet restricted)
rElec   .          Harm     .   s - +0 cloak
rCorr   .          Rampage  .   (gloves unavailable)
Will    +....                   (boots unavailable)
Stlth   +++++.....              w - amulet of the acrobat
HPRegen 0.13/turn               l - ring of Selesar {rC+ AC+4 Str+4}
MPRegen 0.17/turn               m - +4 ring of evasion

@: wreathed by umbra, very quick
A: very small, no large weapons, unfitting armour, see invisible, speed 3
a: Renounce Religion


You were on level 6 of the Dungeon.
You worshipped Dithmenos.
Dithmenos was aware of your devotion.
You visited 1 branch of the dungeon, and saw 6 of its levels.

You collected 1330 gold pieces.

Inventory:

Hand Weapons
 a - a +1 dagger
 k - a +1 dagger of venom (weapon)
Missiles
 i - a throwing net (quivered)
Armour
 b - a +0 robe (worn)
 s - a +0 cloak (worn)
Jewellery
 l - the ring of Selesar (left hand) {rC+ AC+4 Str+4}
   (You acquired it on level 6 of the Dungeon)

   [ring of protection]

   AC:        It affects your AC (+4).
   Str:       It affects your strength (+4).
   rC:        It protects you from cold.
 m - a +4 ring of evasion (right hand)
 w - an amulet of the acrobat (around neck)
 y - a +6 ring of strength
 D - a ring of protection from fire
Wands
 r - a wand of iceblast (8)
Scrolls
 e - 2 scrolls of amnesia
 n - 2 scrolls of fog {unknown}
 t - 2 scrolls of teleportation
 u - a scroll of enchant weapon {unknown}
 v - a scroll of enchant armour {unknown}
 x - a scroll of vulnerability {unknown}
 A - a scroll of brand weapon {unknown}
Potions
 c - 2 potions of invisibility
 d - a potion of haste {unknown}
 f - a potion of heal wounds {unknown}
 g - a potion of resistance {unknown}
 h - 3 potions of curing {unknown}
 j - a potion of lignification {unknown}
 o - 3 potions of degeneration {unknown}
 p - 2 potions of berserk rage {unknown}
 q - 2 potions of mutation {unknown}
 z - a potion of flight {unknown}
 B - a potion of brilliance {unknown}
 C - a potion of might {unknown}


   Skills:
 * Level 8.2 Short Blades
 - Level 2.6 Dodging
 + Level 9.6 Stealth
 + Level 6.9 Spellcasting
 + Level 7.3 Hexes


You had 13 spell levels left.
You knew the following spells:

 Your Spells              Type           Power      Damage    Failure   Level
a - Ensorcelled Hibernat  Hex/Ice        36%        N/A       3%          2
b - Confusing Touch       Hex            30%        N/A       1%          3
c - Tukima's Dance        Hex            30%        N/A       1%          3

Your spell library contained the following spells:

 Spells                   Type           Power      Damage    Failure   Level
 Slow                     Hex            30%        N/A       1%          2
 Dazzling Flash           Conj/Hex       36%        N/A       8%          3
 Scorch                   Fire           10%        2d6       19%         2
 Vampiric Draining        Necr           2%         2d6       34%         3
 Flame Wave               Conj/Fire      5%         3d4       75%         4
 Summon Cactus Giant      Summ           2%         N/A       100%        6


Dungeon Overview and Level Annotations

Branches:
Dungeon (6/15)             Temple (0/1) D:4

Altars:
Dithmenos
Gozag
Hepliaklqana
Qazlal
Zin
The Shining One

Shops:
D:3 *

Annotations:
D:6 Irenicus's ghost, novice DDEE


Innate Abilities, Weirdness & Mutations

You are very small and have problems with some larger weapons.
You are too small for most types of armour.
You have supernaturally acute eyesight. (SInv)
You cover ground extremely quickly. (Speed+++)


Message History

The adder looks drowsy...
The helpless adder fails to defend itself.
You stick the adder like a pincushion!!!!
You kill the adder!
Dithmenos accepts your kill.
Irenicus's ghost points at you and mumbles some strange words.
The blast of sand hits you!
There is a stone staircase leading up, spattered with blood here.
You climb upwards.
There is a stone staircase leading down here.
You start resting.
Magic restored.
HP restored.
Casting: Ensorcelled Hibernation (safe; 3% risk of failure)
Confirm with . or Enter, or press ? or * to list all spells.
Your hands begin to glow red.
You climb downwards.
Level annotation: Irenicus's ghost, novice DDEE Irenicus's ghost points at you and mumbles some strange words.
The stone arrow misses you.
There is a stone staircase leading up, spattered with blood here.
You hit Irenicus's ghost but do no damage.
Irenicus's ghost barely misses you.
You hit Irenicus's ghost but do no damage.
You hit Irenicus's ghost but do no damage.
Irenicus's ghost casts a spell at you. The stone arrow hits you!!
You hit Irenicus's ghost but do no damage.
You are too injured to fight recklessly!
You are too injured to fight recklessly!
You are too injured to fight recklessly!
You are too injured to fight recklessly!
Irenicus's ghost points at you and mumbles some strange words.
The blast of sand misses you.
There is a stone staircase leading up, spattered with blood here.
Your hands stop glowing.
Irenicus's ghost points at you and mumbles some strange words.
The stone arrow hits you!!
Ouch! That really hurt!
You die...

#.#.....###...###.....#.........
#.......#E#...#E#.....#.###.##.#
####....###...###.#.#...# #.####
#..............#.#.#.# #..(..
###'#.....####...#.#.# ######
#.####.#...#...#.#.# ###
#......#.#.#...#.#.# #..
###........#.#.#.#.# #.#
#.......@#)#...#.# ###+#
#........#.#...#.####....
#........#.#........#....
#....W...#.#.#.#.##.'##'#
########........#.#.....##.#..#.
#....#..........#.####..####..#+
#.............###.#.....####..#.
#########.......#.......#..'..+.
##
≈:≈≈≈≈†..............>#.##..#.


You could see Irenicus's ghost.

Vanquished Creatures
  Menkaure (D:4)
  A water moccasin (D:5)
  An orc warrior (D:6)
  A necrophage (D:4)
  An ice beast (D:6)
  A black bear (D:5)
  2 sky beasts
  An ogre (D:6)
  A centaur (D:6)
  A phantom (D:5)
  2 bullfrogs (D:6)
  2 scorpions
  A water moccasin skeleton (D:4)
  A howler monkey (D:2)
  A jelly (D:6)
  2 centaur zombies (D:6)
  Crazy Yiuf (D:3)
  An orc priest (D:4)
  2 hounds
  Jessica (D:2)
  A centaur skeleton (D:3)
  Ijyb (D:4)
  Natasha (thrice) (D:2)
  6 iguanas
  An orc wizard (D:4)
  Robin (D:3)
  4 gnolls (D:2)
  12 adders
  2 worms
  3 dart slugs
  4 orcs
  4 ball pythons
  5 bats
  5 endoplasms
  2 giant cockroaches
  15 goblins
  8 hobgoblins
  6 quokkas
  2 frilled lizards (D:2)
  6 kobolds
  A quokka skeleton (D:4)
  A rat (D:3)
118 creatures vanquished.

Vanquished Creatures (others)
  3 plants (D:2)
3 creatures vanquished.

Grand Total: 121 creatures vanquished

Notes
Turn   | Place    | Note
-------+----------+-------------------------------------------
     0 | D:1      | kae the Spriggan Enchanter began the quest for the Orb.
     0 | D:1      | Reached XP level 1. HP: 9/9 MP: 5/5
   599 | D:1      | Reached XP level 2. HP: 13/13 MP: 6/6
   602 | D:1      | Learned a level 2 spell: Ensorcelled Hibernation
  1001 | D:2      | Identified a scroll of acquirement
  1001 | D:2      | Acquired 936 gold pieces
  1260 | D:2      | Reached XP level 3. HP: 11/16 MP: 3/8
  1370 | D:2      | Reached skill level 5 in Stealth
  1954 | D:2      | Reached XP level 4. HP: 21/21 MP: 7/10
  2333 | D:2      | Noticed Jessica
  2342 | D:2      | Killed Jessica
  2855 | D:2      | Reached XP level 5. HP: 24/24 MP: 8/11
  3118 | D:2      | Learned a level 3 spell: Confusing Touch
  3122 | D:2      | Learned a level 3 spell: Tukima's Dance
  3255 | D:3      | Noticed Robin
  3261 | D:3      | Noticed Natasha
  3373 | D:2      | Killed Natasha
  3374 | D:2      | Reached skill level 6 in Stealth
  3814 | D:2      | Noticed Natasha
  3824 | D:2      | Killed Natasha
  3825 | D:2      | Reached XP level 6. HP: 4/28 MP: 2/13
  4123 | D:2      | Noticed Natasha
  4131 | D:2      | Killed Natasha
  4594 | D:3      | Found an opulent altar of Gozag.
  4649 | D:3      | Found Gozag's Platinum Reserve.
  4693 | D:3      | Found a runed translucent door.
  4694 | D:3      | Noticed Crazy Yiuf
  4958 | D:3      | Killed Robin
  4959 | D:3      | Reached skill level 5 in Hexes
  5037 | D:3      | Found a faded altar of an unknown god.
  5120 | D:3      | Found a glowing silver altar of Zin.
  5222 | D:3      | Killed Crazy Yiuf
  5353 | D:4      | Found a shadowy altar of Dithmenos.
  5366 | D:4      | Found a staircase to the Ecumenical Temple.
  5381 | D:4      | Became a worshipper of Dithmenos the Shadowed
  5554 | D:4      | Reached skill level 5 in Short Blades
  5554 | D:4      | Reached XP level 7. HP: 23/32 MP: 12/15
  6002 | D:4      | Reached skill level 7 in Stealth
  6095 | D:4      | Noticed Ijyb
  6101 | D:4      | Killed Ijyb
  6102 | D:4      | Reached skill level 5 in Spellcasting
  6871 | D:4      | Found a glowing golden altar of the Shining One.
  6871 | D:4      | Noticed Menkaure
  7148 | D:4      | Killed Menkaure
  7415 | D:5      | Entered Level 5 of the Dungeon
  7908 | D:5      | Reached skill level 8 in Stealth
  7908 | D:5      | Reached XP level 8. HP: 19/36 MP: 14/17
  8215 | D:5      | Reached * piety under Dithmenos
  8667 | D:6      | Acquired the ring of Selesar {rC+ AC+4 Str+4}
  8823 | D:6      | Found a hazy altar of Hepliaklqana.
  8883 | D:6      | Found a stormy altar of Qazlal.
  8889 | D:6      | Noticed an air elemental
  8959 | D:6      | Reached skill level 9 in Stealth
  9102 | D:6      | Found a runed translucent door.
  9106 | D:6      | Noticed Irenicus's ghost (novice DDEE)
  9286 | D:6      | Reached XP level 9. HP: 39/39 MP: 11/20
 10002 | D:6      | Killed from afar by Irenicus's ghost

Illustrated notes

Levels and vault maps discovered:
D:1:      co_arrival_square_in_a_square_in_a_square, layout_basic,
          kennysheep_another_room, minivault_26
D:2:      layout_loops_cross, serial_forest, infiniplex_forest_lined_2,
          infiniplex_forest_straight_2, infiniplex_forest_straight_2,
          infiniplex_forest_join, infiniplex_forest_clump_medium,
          infiniplex_forest_clump_tiny, minmay_puff, uniq_jessica
D:3:      layout_rooms, zin_statuary, nicolae_gozag_zags_fifth_avenue,
          ebering_ecumenical_altar_box, uniq_robin, uniq_natasha,
          uniq_crazy_yiuf_cottage
D:4:      layout_basic, tso_altar, lemuel_crystal_altar,
          minmay_temple_entry_sparse_star, hex_tiny, uniq_menkaure, uniq_ijyb
D:5:      layout_loops_cross
D:6:      minmay_evil_eye, layout_basic, nicolae_qazlal_style_of_elements,
          mainiacjoe_overflow_24_doors, ebering_ghost_sewer_d

Skill      XL: |  1  2  3  4  5  6  7  8 |
---------------+-------------------------+-----
Spellcasting   | 3 4 5 6 |  6.9
Short Blades   | 2 3 4 5 6 8 |  8.2
Hexes          | 4 5 6 7 |  7.3
Stealth        | 5 6 8 9 |  9.6
Dodging        | |  2.6

Action                   |  1- 3 |  4- 6 |  7- 9 || total
-------------------------+-------+-------+-------++-------
Melee: Dagger            |    91 |   126 |   137 ||   354
Throw: Throwing net      |       |       |     1 ||     1
 Cast: Ensorcelled Hiber |    14 |    32 |    23 ||    69
       Confusing Touch   |       |     2 |     9 ||    11
  Use: Scroll            |     2 |     4 |     2 ||     8
 Stab: Sleeping          |    16 |    28 |    25 ||    69
       Confused          |       |     3 |     6 ||     9
       Distracted        |       |       |     1 ||     1
       Held in net/web   |       |       |     1 ||     1
Armor: Robe              |     8 |     7 |     6 ||    21
Dodge: Dodged            |    59 |    85 |    80 ||   224

Table legend: (Time is in decaauts)
 A = Elapsed time spent in this place.
 B = Non-inter-level travel time spent in this place.
 C = Inter-level travel time spent in this place.
 D = Time resting spent in this place.
 E = Time spent auto-exploring this place.
 F = Levels seen in this place.
 G = Mean time per level.
                   A        B        C        D        E       F      G
               +--------+--------+--------+--------+--------+-----+--------+
         Total |   7948 |   7867 |     81 |   2427 |   4508 |   6 | 1324.7 |
       Dungeon |   7948 |   7867 |     81 |   2427 |   4508 |   6 | 1324.7 |
               +--------+--------+--------+--------+--------+-----+--------+

Top non-repeatable levels by time:
     D:2: 2968 daAuts
     D:4: 1815 daAuts
     D:5: 988 daAuts
     D:1: 814 daAuts
     D:6: 687 daAuts
     D:3: 673 daAuts
